 Dungeon Crawl Stone Soup version 0.31-a0-198-g2ad674f65e (webtiles) character file.

Game seed: 15317520858718016328

392 erloom the Cudgeller (level 6, -7/55 HPs)
             Began as a Gargoyle Fighter on June 25, 2023.
             Mangled by an ogre
             ... wielding a +0 giant club
              (9 damage)
             ... on level 4 of the Dungeon.
             The game lasted 00:06:23 (3522 turns).

erloom the Cudgeller (Gargoyle Fighter)             Turns: 3522, Time: 00:06:25

Health: -7/55      AC: 23    Str: 22    XL:     6   Next: 81%
Magic:  6/6        EV:  2    Int: 14    God:
Gold:   262        SH:  4    Dex:  9    Spells: 5/5 levels left

rFire   . . .        a - +0 flail
rCold   . . .        c - +0 buckler
rNeg    + . .        b - melded +0 scale mail
rPois   ∞            (helmet currently unavailable)
rElec   .            (cloak currently unavailable)
rCorr   .            (gloves currently unavailable)
SInv    +            (boots currently unavailable)
Will    .....        (no amulet)
Stlth   +            h - +6 ring of intelligence
HPRegen 0.29/turn    o - ring of see invisible
MPRegen 0.10/turn

%: no passive effects
@: tree-form
A: stationary, stasis, torment immunity, boosted hp, sickness immunity, AC +4,
negative energy resistance 1, (electricity resistance), torment resistance 1,
petrification resistance
a: no special abilities


You were on level 4 of the Dungeon.
You were a tree.
You visited 1 branch of the dungeon, and saw 4 of its levels.

You collected 262 gold pieces.

Inventory:

Hand Weapons
 a - a +0 flail (weapon)
Missiles
 g - 6 javelins
 q - 2 boomerangs
Armour
 b - a +0 scale mail (melded)
 c - a +0 buckler (worn)
Jewellery
 h - a +6 ring of intelligence (left branch)
 k - a ring of ice
 m - a ring of ice
 o - a ring of see invisible (right branch)
Scrolls
 f - a scroll of blinking {unknown}
 i - a scroll of immolation {unknown}
 j - a scroll of amnesia {unknown}
 l - 5 scrolls of identify {unknown}
 n - a scroll of summoning {unknown}
 p - a scroll of noise {unknown}
 r - a scroll of teleportation {unknown}
Potions
 s - a potion of enlightenment {unknown}
 t - a potion of invisibility {unknown}


   Skills:
 - Level 3.2 Fighting
 * Level 7.0 Maces & Flails
 - Level 3.2 Armour
 - Level 3.2 Shields


You had 5 spell levels left.
You didn't know any spells.
Your spell library contained the following spells:

 Spells                   Type           Power      Damage    Failure   Level
 Slow                     Hex            0%         N/A       34%         1
 Confusing Touch          Hex            0%         N/A       71%         3
 Vampiric Draining        Necr           0%         2d6       71%         3
 Vhi's Electric Charge    Tloc/Air       0%         N/A       71%         3
 Arcjolt                  Conj/Air       0%         1d10      100%        5
 Plasma Beam              Fire/Air       0%         2x1d10    100%        6


Dungeon Overview and Level Annotations

Branches:
Dungeon (4/15)
 Temple: D:4-7

Altars:
Gozag

Shops:
D:2 (   D:4 *

Annotations:
D:3 Sigmund


Innate Abilities, Weirdness & Mutations

You are a tree.
Your roots penetrate the ground, keeping you stationary.
You cannot be teleported.
You are immune to unholy pain and torment.
Your maximum health is greatly increased.
Your equipment is partially melded.
You are immune to sickness and miasma.
((Your stone body is resilient. (AC +4)))
You are immune to poison.
You resist negative energy. (rN+)
((You are resistant to electric shocks. (rElec)))
You are resistant to unholy torment.
You are immune to petrification.


Message History

The jackal is severely wounded.
The jackal bites you but does no damage.
You hit the jackal.
You kill the jackal!
You hit the jackal.
You kill the jackal!
An ogre comes into view. It is wielding a +0 giant club.
The ogre shouts!
The ogre misses you.
A quokka comes into view.
You closely miss the ogre. The ogre hits you with a +0 giant club!
Okay, then.
You hit the ogre.
The ogre is moderately wounded.
You barely miss the ogre.
The ogre is moderately wounded.
The ogre hits you with a +0 giant club!
Really quaff the potion of lignification?
Okay, then.
Really quaff the potion of lignification?
You turn into a tree.
Your +0 scale mail melds into your body.
Your roots penetrate the ground.
The quokka bites you but does no damage.
You block the quokka's attack. The ogre hits you with a +0 giant club.
Unknown command.
Unknown command.
You hit the ogre.
The ogre is moderately wounded.
The quokka bites you but does no damage.
You hit the ogre.
The ogre is moderately wounded.
The ogre hits you with a +0 giant club!
* * * LOW HITPOINT WARNING * * *
The quokka bites you but does no damage.
You barely miss the ogre.
The ogre is moderately wounded.
The quokka bites you but does no damage.
The ogre hits you with a +0 giant club!
You die...

## ≈≈~ . . ≈≈# #. .
≈≈# #.# .#≈~#
#..###~.. .......
##.rO## ##
##...♣.##...
##.......#.#
.##....†.....##
.....#...≈......
.............###
.......∩.....#
....#...........#.#
........#..§...≈.#...
...##....##.......#
##.


You could see an ogre and a quokka.

Vanquished Creatures
  A kobold brigand (D:3)
  A hound (D:4)
  Natasha (twice) (D:2)
  8 gnolls
  7 adders
  2 worms
  5 orcs
  3 endoplasms
  4 goblins
  4 hobgoblins
  7 jackals
  3 quokkas
  A ball python (D:1)
  2 frilled lizards (D:2)
  47 kobolds
  5 rats
102 creatures vanquished.

Notes
Turn   | Place    | Note
-------+----------+-------------------------------------------
     0 | D:1      | erloom the Gargoyle Fighter began the quest for the Orb.
     0 | D:1      | Reached XP level 1. HP: 14/14 MP: 1/1
   551 | D:1      | Reached XP level 2. HP: 19/19 MP: 2/2
   777 | D:1      | Reached skill level 3 in Maces & Flails
   841 | D:2      | Found Kiakuiwk's Weapon Boutique.
   873 | D:2      | Reached XP level 3. HP: 21/23 MP: 3/3
  1000 | D:2      | Reached skill level 4 in Maces & Flails
  1048 | D:2      | Reached XP level 4. HP: 25/28 MP: 4/4
  1215 | D:2      | Noticed Natasha
  1230 | D:2      | Killed Natasha
  1355 | D:2      | Noticed Natasha
  1559 | D:2      | Killed Natasha
  1560 | D:2      | Reached skill level 5 in Maces & Flails
  1560 | D:2      | Reached XP level 5. HP: 26/32 MP: 5/5
  1724 | D:3      | Noticed Sigmund
  2309 | D:3      | Reached skill level 6 in Maces & Flails
  2309 | D:3      | Reached XP level 6. HP: 35/37 MP: 6/6
  2369 | D:3      | HP: 1/37 [kobold/+0 club (3)]
  3140 | D:3      | Found an opulent altar of Gozag.
  3487 | D:4      | Reached skill level 7 in Maces & Flails
  3499 | D:4      | Found Xenejiog's Elemental Accessories.
  3521 | D:4      | HP: 2/55 [ogre/+0 giant club (16)]
  3522 | D:4      | Mangled by an ogre

Illustrated notes

Levels and vault maps discovered:
D:1:      dpeg_arrival_rhombi, layout_basic, minivault_23, corner_web_ring
D:2:      layout_rooms, serial_shops, shop, uniq_natasha
D:3:      minmay_goblin_kobold_castle, layout_basic,
          mainiacjoe_overflow_catwalk, st_stairs_14, uniq_sigmund
D:4:      layout_loops_corners, kennysheep_mini_moat, lemuel_crystal_altar,
          serial_shops, shop, fountainhead, skrybe_limestone_x,
          nicolae_elemental_shop, kennysheep_pointless_box, st_stairs_13,
          nicolae_shop_overcharged_wands

Skill      XL: |  1  2  3  4  5  6 |
---------------+-------------------+-----
Maces & Flails | 3 4 5 6 7 |  7.0
Fighting       | |  3.2
Armour         | |  3.2
Shields        | |  3.2

Action                     |  1- 3 |  4- 6 || total
---------------------------+-------+-------++-------
  Melee: Flail             |    78 |   263 ||   341
    Use: Potion            |       |     3 ||     3
 Armour: Scale mail        |    46 |   186 ||   232
         Skin              |       |     5 ||     5
  Dodge: Dodged            |    31 |   140 ||   171
  Block: Buckler           |    12 |    81 ||    93

Table legend: (Time is in decaauts)
 A = Elapsed time spent in this place.
 B = Non-inter-level travel time spent in this place.
 C = Inter-level travel time spent in this place.
 D = Time resting spent in this place.
 E = Time spent auto-exploring this place.
 F = Levels seen in this place.
 G = Mean time per level.
                   A        B        C        D        E       F      G
               +--------+--------+--------+--------+--------+-----+--------+
         Total |   3600 |   3355 |    245 |    495 |   1793 |   4 |  900.0 |
       Dungeon |   3600 |   3355 |    245 |    495 |   1793 |   4 |  900.0 |
               +--------+--------+--------+--------+--------+-----+--------+

Top non-repeatable levels by time:
     D:3: 1739 daAuts
     D:1: 988 daAuts
     D:2: 829 daAuts
     D:4: 43 daAuts
